 Dungeon Crawl Stone Soup version 0.31-a0-150-g89dc3ad700 (webtiles) character file.

Game seed: 9077539444793779391

249 Dittersdorf the Shield-Bearer (level 6, 0/39 HPs)
             Began as a Gargoyle Fighter on June 8, 2023.
             Slain by a river rat (6 damage)
             ... in a sewer.
             The game lasted 00:03:51 (1956 turns).

Dittersdorf the Shield-Bearer (Gargoyle Fighter)    Turns: 1956, Time: 00:03:52

Health: 0/39       AC: 11    Str: 22    XL:     6   Next: 12%
Magic:  6/6        EV:  9    Int:  8    God:
Gold:   82         SH:  4    Dex:  9    Spells: 5/5 levels left

rFire   . . .        a - +0 flail
rCold   . . .        c - +0 buckler
rNeg    + . .        b - +0 scale mail
rPois   ∞            (no helmet)
rElec   +            i - scarf {repulsion}
rCorr   .            (no gloves)
SInv    .            (no boots)
Will    .....        (no amulet) Stlth
                     (no ring)
HPRegen 0.26/turn    (no ring)
MPRegen 0.10/turn

%: repel missiles
@: no status effects
A: sickness immunity, AC +4, negative energy resistance 1, electricity
resistance, torment resistance 1, petrification resistance
a: no special abilities


You were in a sewer.
You visited 1 branch of the dungeon, and saw 3 of its levels.
You also visited: Sewer.

You collected 82 gold pieces.

Inventory:

Hand Weapons
 a - a +0 flail (weapon)
Missiles
 f - 8 poisoned darts
Armour
 b - a +0 scale mail (worn)
 c - a +0 buckler (worn)
 i - a scarf of repulsion (worn)
Scrolls
 k - a scroll of teleportation {unknown}
 n - a scroll of amnesia {unknown}
Potions
 d - a potion of might
 e - 2 potions of mutation {unknown}
 g - 3 potions of haste
 h - a potion of magic {unknown}
 j - 2 potions of attraction
 l - 2 potions of curing
 m - a potion of resistance {unknown}
 o - 5 potions of enlightenment
 p - a potion of ambrosia


   Skills:
 + Level 4.5 Fighting
 + Level 3.4 Maces & Flails
 + Level 4.6 Armour
 + Level 4.6 Shields


You had 5 spell levels left.
You didn't know any spells.
Your spell library contained the following spells:

 Spells                   Type           Power      Damage    Failure   Level
 Inner Flame              Hex/Fire       0%         N/A       98%         3
 Yara's Violent Unravell  Hex/Tmut       0%         3d3       100%        5
 Enfeeble                 Hex            0%         N/A       100%        7


Dungeon Overview and Level Annotations

Branches:
Dungeon (3/15)              Sewer (1/1)

Altars:
Dithmenos


Innate Abilities, Weirdness & Mutations

You are immune to sickness and miasma.
Your stone body is resilient. (AC +4)
You are immune to poison.
You resist negative energy. (rN+)
You are resistant to electric shocks. (rElec)
You are resistant to unholy torment.
You are immune to petrification.


Message History

You are too injured to fight recklessly!
You are too injured to fight recklessly!
You are too injured to fight recklessly!
You are too injured to fight recklessly!
You are too injured to fight recklessly!
You are too injured to fight recklessly!
You are too injured to fight recklessly!
You are too injured to fight recklessly!
You are too injured to fight recklessly!
You are too injured to fight recklessly!
You are too injured to fight recklessly!
You are too injured to fight recklessly!
You block the river rat's attack. The river rat attacks as you move away!
The river rat bites you but does no damage.
There is a large open door here.
The river rat attacks as you move away! The river rat bites you.
The river rat barely misses you.
You sock the river rat!
The river rat is almost dead.
The river rat barely misses you. The river rat bites you.
You barely miss the river rat.
The river rat is almost dead.
You block the river rat's attack. x2
The river rat bites you but does no damage.
The river rat bites you.
* * * LOW HITPOINT WARNING * * *
You hit the river rat but do no damage.
The river rat is almost dead.
The river rat bites you but does no damage.
The river rat barely misses you.
You barely miss the river rat.
The river rat is almost dead.
The river rat bites you.
* * * LOW HITPOINT WARNING * * *
You block the river rat's attack.
You barely miss the river rat.
The river rat is almost dead.
The river rat closely misses you. The river rat bites you.
You die...

≈~≈~# ~~≈~# #~≈~# ###### ######
#~≈.# #.rr@# #....# #~≈~#
#####'r#####''#####~≈~#
#∩...........†.~.~~~~~# #.≈~#
#∩..............~.~~~~# #~≈.#
#####''#####''#####~≈~# #~≈~#
....# #..??# #~≈~# #~≈~# ######
###### #~≈~#
##~≈~#######################~≈~##
~~~.~~.~~~~~~~.~~~~~~~~.~..~~≈~≈≈


You could see 3 river rats.

Vanquished Creatures
  7 river rats
  11 adders
  7 worms
  A dart slug (D:2)
  5 bats
  2 endoplasms
  7 giant cockroaches
  5 goblins
  3 hobgoblins
  2 jackals (Sewer)
  3 quokkas
  7 ball pythons
  5 frilled lizards
  5 kobolds
  4 rats (D:1)
74 creatures vanquished.

Notes
Turn   | Place    | Note
-------+----------+-------------------------------------------
     0 | D:1      | Dittersdorf the Gargoyle Fighter began the quest for the
                  | Orb.
     0 | D:1      | Reached XP level 1. HP: 14/14 MP: 1/1
   148 | D:1      | Reached XP level 2. HP: 19/19 MP: 2/2
   473 | D:1      | Reached XP level 3. HP: 23/23 MP: 3/3
   634 | D:2      | Found a shadowy altar of Dithmenos.
   860 | D:2      | Reached XP level 4. HP: 25/29 MP: 4/4
  1519 | D:3      | Reached XP level 5. HP: 30/33 MP: 5/5
  1588 | D:3      | Found a glowing drain.
  1612 | Sewer    | Entered a sewer
  1877 | Sewer    | Reached XP level 6. HP: 31/39 MP: 6/6
  1956 | Sewer    | Slain by a river rat

Illustrated notes

Levels and vault maps discovered:
D:1:      lightli_arrival_maybe_door_vault, layout_rooms
D:2:      layout_loops_cross, basic_altar
D:3:      layout_loops_ring, lightli_sewer_entry_pipes
Sewer:    sewer_fruit_machine

Skill      XL: |  1  2  3  4  5 |
---------------+----------------+-----
Shields        | 4 |  4.6
Fighting       | 4 |  4.5
Armour         | 4 |  4.6
Maces & Flails | 3 |  3.4

Action                     |  1- 3 |  4- 6 || total
---------------------------+-------+-------++-------
  Melee: Flail             |   123 |   192 ||   315
    Use: Scroll            |       |     8 ||     8
 Armour: Scale mail        |    63 |   121 ||   184
  Dodge: Dodged            |    54 |   112 ||   166
         Repelled          |     2 |       ||     2
  Block: Buckler           |    27 |    59 ||    86

Table legend: (Time is in decaauts)
 A = Elapsed time spent in this place.
 B = Non-inter-level travel time spent in this place.
 C = Inter-level travel time spent in this place.
 D = Time resting spent in this place.
 E = Time spent auto-exploring this place.
 F = Levels seen in this place.
 G = Mean time per level.
                   A        B        C        D        E       F      G
               +--------+--------+--------+--------+--------+-----+--------+
         Total |   2121 |   2064 |     57 |     20 |   1233 |   4 |  530.2 |
       Dungeon |   1705 |   1648 |     57 |      0 |    989 |   3 |  568.3 |
         Sewer |    416 |    416 |      0 |     20 |    244 |   1 |  416.0 |
               +--------+--------+--------+--------+--------+-----+--------+

Top non-repeatable levels by time:
     D:2: 838 daAuts
     D:1: 524 daAuts
   Sewer: 416 daAuts
     D:3: 342 daAuts
